 Dungeon Crawl Stone Soup version 0.28.0-53-g5a82cb258f (webtiles) character file.

Game seed: 370152251552907221

869 safid the Cleaver (level 8, 0/66 HPs)
             Began as a Hill Orc Fighter on July 5, 2022.
             Was a Follower of Beogh.
             Slain by a gnoll sergeant
             ... wielding a +0 trident
              (9 damage)
             ... on level 5 of the Dungeon.
             The game lasted 00:06:46 (5033 turns).

safid the Cleaver (Hill Orc Fighter)                Turns: 5033, Time: 00:06:46

Health: 0/66       AC: 16    Str: 21    XL:     8   Next: 3%
Magic:  8/8        EV:  9    Int:  8    God:    Beogh [*.....]
Gold:   230        SH:  4    Dex: 10    Spells: 7/7 levels left

rFire   . . .      SeeInvis .   n - +0 broad axe
rCold   . . .      Faith    .   c - +0 buckler
rNeg    . . .      Spirit   .   b - +0 scale mail
rPois   .          Reflect  .   d - +1 helmet
rElec   .          Harm     .   w - +2 cloak
rCorr   .          Rampage  .   (no gloves)
Will    .....                   (no boots)
Stlth   ..........              (no amulet)
HPRegen 0.21/turn               r - +4 ring of protection
MPRegen 0.11/turn               (no ring)

@: no status effects
A: no striking features
a: Renounce Religion


You were on level 5 of the Dungeon.
You worshipped Beogh.
Beogh was aware of your devotion.
You visited 1 branch of the dungeon, and saw 5 of its levels.

You collected 230 gold pieces.

Inventory:

Hand Weapons
 n - a +0 broad axe (weapon)
Missiles
 q - 2 throwing nets (quivered)
Armour
 b - a +0 scale mail (worn)
 c - a +0 buckler (worn)
 d - a +1 helmet (worn)
 w - a +2 cloak (worn)
Jewellery
 r - a +4 ring of protection (left hand)
Wands
 i - a wand of iceblast (3)
 o - a wand of flame (11)
 p - a wand of mindburst (8)
Scrolls
 e - 4 scrolls of teleportation {unknown}
 f - 6 scrolls of identify {unknown}
 j - a scroll of vulnerability {unknown}
 k - a scroll of fog {unknown}
 l - 2 scrolls of enchant armour {unknown}
 s - a scroll of torment {unknown}
 t - a scroll of silence {unknown}
Potions
 g - 4 potions of curing {unknown}
 h - a potion of mutation {unknown}
 m - a potion of resistance {unknown}
 u - a potion of lignification {unknown}
 v - a potion of brilliance {unknown}


   Skills:
 - Level 4.0 Fighting
 + Level 11.0 Axes
 - Level 4.0 Armour
 - Level 4.0 Shields


You had 7 spell levels left.
You didn't know any spells.
Your spell library contained the following spells:

 Spells                   Type           Power      Damage    Failure   Level
 Conjure Flame            Conj/Fire      0%         6-21      99%         3
 Dazzling Flash           Conj/Hex       0%         N/A       99%         3
 Ignite Poison            Fire/Tmut/Pois 0%         N/A       99%         3
 Sticky Flame             Conj/Fire      0%         2d3       100%        4
 Agony                    Necr           0%         N/A       100%        5
 Silence                  Hex/Air        0%         N/A       100%        5


Dungeon Overview and Level Annotations

Branches:
Dungeon (5/15)
 Temple: D:4-7

Altars:

Annotations:
D:4 2 transporters, Soldner's ghost, novice MiFi


Message History

You hit the gnoll but do no damage. The gnoll hits you but does no damage.
The gnoll misses you.
You hit the gnoll sergeant but do no damage.
You hit the gnoll. The gnoll closely misses you.
The gnoll hits you but does no damage.
The gnoll sergeant hits you with a +0 trident.
The gnoll barely misses you.
You hit the gnoll.
The gnoll is moderately wounded.
You hit the gnoll sergeant but do no damage.
The gnoll barely misses you. The gnoll closely misses you.
The gnoll sergeant hits you with a +0 trident.
The gnoll hits you but does no damage.
You barely miss the gnoll.
The gnoll is moderately wounded.
The gnoll sergeant blocks your attack.
The gnoll hits you from afar with a +0 halberd.
The gnoll hits you but does no damage. The gnoll sergeant closely misses you.
The gnoll hits you with a +0 flail.
The gnoll hits you from afar with a +0 halberd!
You hit the gnoll.
The gnoll is heavily wounded.
You slash the gnoll!
You hit the gnoll sergeant but do no damage.
The gnoll hits you from afar with a +0 spear.
The gnoll sergeant hits you with a +0 trident.
The gnoll closely misses you. The gnoll hits you with a +0 flail.
The gnoll barely misses you.
You hit the gnoll but do no damage.
The gnoll is heavily wounded.
You hit the gnoll sergeant but do no damage.
You barely miss the gnoll.
The gnoll hits you from afar with a +0 spear.
The gnoll sergeant hits you with a +0 trident!
* * * LOW HITPOINT WARNING * * *
You block the gnoll's attack. The gnoll closely misses you.
The gnoll hits you from afar with a +0 halberd.
* * * LOW HITPOINT WARNING * * *
The gnoll sergeant hits you from afar with a +0 trident!
You die...

.#......#......#........ #.......
.#......#.=....#....... +.......
.#......#......#...... #.......
.#......#......#.?... #.......
.#......#.....##.... +.......
.#......########.g.# #.......
.#......# #ggg## #.......
##....[.# +..g.# #.......
........# #@...# #.......
........# #....# +.......
........# #...####+##.......
........# ...##...###...#.......
........# ..............#.......
##......# ..............#.......
.#......########.........#.......
.'.......).....#....##...#.......
.#.............#....##...#.......


You could see a gnoll sergeant and 4 gnolls.

Vanquished Creatures
  2 black bears (D:4)
  A necrophage (D:3)
  A phantom (D:5)
  A bullfrog (D:4)
  A scorpion (D:5)
  A hound (D:4)
  Jessica (D:2)
  4 iguanas
  Robin (D:4)
  12 gnolls
  5 adders
  An adder skeleton (D:4)
  2 worms
  A dart slug (D:2)
  7 orcs
  3 bats
  6 endoplasms
  12 goblins
  10 hobgoblins
  2 jackals (D:1)
  5 kobolds
  2 quokkas
  4 ball pythons (D:1)
  2 frilled lizards
  5 rats
92 creatures vanquished.

Notes
Turn   | Place    | Note
-------+----------+-------------------------------------------
     0 | D:1      | safid the Hill Orc Fighter began the quest for the Orb.
     0 | D:1      | Reached XP level 1. HP: 19/19 MP: 1/1
    90 | D:1      | Reached skill level 3 in Axes
    90 | D:1      | Reached XP level 2. HP: 23/27 MP: 2/2
   281 | D:1      | Found a faded altar of an unknown god.
   687 | D:2      | Reached XP level 3. HP: 33/33 MP: 3/3
   913 | D:2      | Noticed Jessica
   917 | D:2      | Killed Jessica
   918 | D:2      | Reached skill level 4 in Axes
   918 | D:2      | Reached XP level 4. HP: 40/40 MP: 4/4
  1673 | D:3      | Noticed a necrophage
  1688 | D:3      | Killed a necrophage
  1689 | D:3      | Reached skill level 6 in Axes
  1689 | D:3      | Reached XP level 5. HP: 16/46 MP: 5/5
  2158 | D:3      | Became a worshipper of Beogh the Brigand
  2621 | D:4      | Found a transporter.
  2621 | D:4      | Noticed Soldner's ghost (novice MiFi)
  2626 | D:4      | Found a transporter.
  2734 | D:4      | Noticed a black bear
  2750 | D:4      | Killed a black bear
  2751 | D:4      | Reached skill level 7 in Axes
  2751 | D:4      | Reached XP level 6. HP: 31/52 MP: 6/6
  2917 | D:4      | Noticed Robin
  2936 | D:4      | Reached skill level 8 in Axes
  2938 | D:4      | Killed Robin
  3267 | D:4      | Reached * piety under Beogh
  3283 | D:4      | Reached XP level 7. HP: 32/59 MP: 7/7
  3489 | D:4      | Reached skill level 9 in Axes
  4091 | D:5      | Entered Level 5 of the Dungeon
  4572 | D:5      | Reached skill level 10 in Axes
  4990 | D:5      | Reached skill level 11 in Axes
  4990 | D:5      | Reached XP level 8. HP: 66/66 MP: 8/8
  5033 | D:5      | Slain by a gnoll sergeant

Illustrated notes

Levels and vault maps discovered:
D:1:      sevenhm_arrival_forest_fort_small_3, layout_rooms,
          hellmonk_ecumenical_altar_blasted
D:2:      layout_loops_cross, minmay_misc_feat_columns, uniq_jessica
D:3:      layout_basic
D:4:      layout_loops_corners, gammafunk_ghost_arena, uniq_robin
D:5:      layout_gridville, kennysheep_small_square

Skill      XL: |  1  2  3  4  5  6  7 |
---------------+----------------------+-----
Axes           | 3 4 6 7 8 11 | 11.0
Fighting       | 4 |  4.0
Armour         | 4 |  4.0
Shields        | 4 |  4.0

Action                   |  1- 3 |  4- 6 |  7- 9 || total
-------------------------+-------+-------+-------++-------
Melee: War axe           |    69 |   133 |    70 ||   272
       Broad axe         |       |       |    14 ||    14
Invok: Convert to Beogh  |       |     1 |       ||     1
  Use: Potion            |       |     1 |       ||     1
Armor: Scale mail        |    39 |    61 |    46 ||   146
Dodge: Dodged            |    44 |    58 |    45 ||   147
Block: Buckler           |    18 |    39 |    17 ||    74
